 Dungeon Crawl Stone Soup version 0.31-a0-1603-gbec6b6ccbf (webtiles) character file.

Game seed: 6064976853238585887

554 zazu2006 the Carver (level 7, -2/117 HPs)
             Began as a Gnoll Wanderer on Jan 7, 2024.
             Slain by a kobold brigand
             ... wielding a +0 club
              (5 damage)
             ... on level 5 of the Dungeon.
             The game lasted 00:12:28 (4570 turns).

zazu2006 the Carver (Gnoll Wanderer)                Turns: 4570, Time: 00:12:29

Health: -2/117     AC: 27    Str:  9 (12) XL:     7   Next: 30%
Magic:  10/11      EV:  2    Int:  8 (11) God:
Gold:   614        SH:  5    Dex: 12 (13) Spells: 11/11 levels left

rFire   + . .        a - +3 falchion
rCold   + . .        c - +0 buckler
rNeg    . . .        x - melded +2 ring mail {rC+}
rPois   +            (helmet currently unavailable)
rElec   +            B - melded +2 cloak
rCorr   +            (gloves currently unavailable)
SInv    .            n - melded +0 pair of boots
Will    .....        (no amulet) Stlth
                     r - +4 ring of protection
HPRegen 0.39/turn    (no ring)
MPRegen 0.12/turn

%: no passive effects
@: berserking, lethally poisoned (-2 -> -4), tree-form, resistant, studying
Dodging, very quick
A: stationary, stasis, torment immunity, boosted hp, (fangs 1), strong nose,
distributed training, (iridescent scales 1), (cold resistance 1), high MP 1,
sense surroundings 1
a: no special abilities


You were on level 5 of the Dungeon.
You were a tree.
You visited 2 branches of the dungeon, and saw 6 of its levels.
You also visited: Ossuary.

You collected 614 gold pieces.

Inventory:

Hand Weapons
 a - a +3 falchion (weapon)
 b - a +0 short sword
Missiles
 j - 11 poisoned darts
 w - 2 curare-tipped darts
Armour
 c - a +0 buckler (worn)
 n - a +0 pair of boots (melded)
 x - a +2 ring mail of cold resistance (melded)
 B - a +2 cloak (melded)
Jewellery
 e - a ring of ice
 l - an amulet of faith
 r - a +4 ring of protection (left branch)
 z - a ring of fire
Wands
 y - a wand of flame (6)
 A - a wand of polymorph (5)
Scrolls
 d - 3 scrolls of blinking
 h - 2 scrolls of enchant weapon
 i - a scroll of amnesia {unknown}
 k - 3 scrolls of teleportation
 m - a scroll of noise {unknown}
 p - 2 scrolls of fog
 t - 2 scrolls of enchant armour {unknown}
 u - a scroll of immolation
 C - a scroll of fear {unknown}
 K - a scroll of vulnerability {unknown}
 L - a scroll of identify
Potions
 f - a potion of might {unknown}
 g - 2 potions of lignification
 o - a potion of curing {unknown}
 q - a potion of resistance
 s - a potion of attraction {unknown}
 v - a potion of brilliance {unknown}
 D - a potion of magic {unknown}
 E - a potion of degeneration
 F - a potion of mutation
 H - a potion of ambrosia {unknown}
 I - a potion of enlightenment {unknown}
 J - a potion of heal wounds {unknown}


   Skills:
 + Level 3.6 Fighting
 + Level 5.2 Short Blades
 + Level 8.9 Long Blades
 + Level 2.5 Axes
 + Level 2.5 Maces & Flails
 + Level 2.5 Polearms
 + Level 2.5 Staves
 + Level 2.5 Ranged Weapons
 + Level 2.5 Throwing
 + Level 2.5 Armour
 + Level 3.0 Dodging
 + Level 2.5 Stealth
 + Level 5.2 Shields
 + Level 2.5 Unarmed Combat
 + Level 2.5 Spellcasting
 + Level 2.0 Conjurations
 + Level 2.0 Hexes
 + Level 2.0 Summonings
 + Level 2.0 Necromancy
 + Level 2.0 Translocations
 + Level 2.0 Fire Magic
 + Level 2.0 Ice Magic
 + Level 2.0 Air Magic
 + Level 2.0 Earth Magic
 + Level 2.0 Alchemy
 + Level 2.8 Invocations
 + Level 3.6 Evocations
 + Level 2.2 Shapeshifting


You had 11 spell levels left.
You didn't know any spells.
Your spell library contained the following spells:

 Spells                   Type           Power      Damage    Failure   Level
 Ensorcelled Hibernation  Hex/Ice        8%         N/A       30%         2
 Passwall                 Erth           4%         N/A       52%         3
 Swiftness                Air            4%         N/A       52%         3
 Vhi's Electric Charge    Tloc/Air       8%         N/A       90%         4
 Arcjolt                  Conj/Air       2%         1d12      99%         5
 Plasma Beam              Fire/Air       2%         2x1d12    100%        6
 Malign Gateway           Summ/Tloc      2%         N/A       100%        7
 Summon Horrible Things   Summ           2%         N/A       100%        8


Dungeon Overview and Level Annotations

Branches:
Dungeon (5/15)             Temple (1/1) D:5         Ossuary (visited)

Altars:
Ashenzari
Cheibriados
Dithmenos
Fedhas
Gozag
Hepliaklqana
Kikubaaqudgha
Makhleb
Nemelex Xobeh
Qazlal
Ru
Sif Muna
Trog
Xom
Yredelemnul
Zin
The Shining One


Innate Abilities, Weirdness & Mutations

You are a tree.
Your roots penetrate the ground, keeping you stationary.
You cannot be teleported.
You are immune to unholy pain and torment.
Your maximum health is greatly increased.
Your equipment is partially melded.
((You have very sharp teeth.))
Your uncanny sense of smell can sniff out nearby items.
Your experience applies equally to all skills.
((You are partially covered in iridescent scales. (AC +2)))
((Your flesh is cold resistant. (rC+)))
You have an increased reservoir of magic. (+10% MP)
You passively map a small area around you.


Message History

Okay, then.
Blink to where?
Press: ? - help, Dir - move target
As you read the scroll of blinking, it crumbles to dust.
* * * LOW HITPOINT WARNING * * *
You feel extremely sick.
It was a potion of lignification.
You turn into a tree.
Your +2 cloak melds into your body.
Your +0 pair of boots melds into your body.
Your +2 ring mail of cold resistance melds into your body.
You feel less resistant to cold.
Your roots penetrate the ground.
* * * LOW HITPOINT WARNING * * *
You feel very sick.
It was a potion of resistance.
You feel protected.
You feel yourself speed up.
* * * LOW HITPOINT WARNING * * *
You feel very sick.
It was a potion of degeneration.
There was something very wrong with that liquid.
You feel weakened.
You feel dopey.
You feel clumsy.
* * * LOW HITPOINT WARNING * * *
You feel sick.
It was a potion of mutation.
You feel extremely strange.
You feel resistant to cold.
You feel more energetic.
Iridescent scales grow over part of your body.
You feel a strange attunement to the structure of the dungeons.
* * * LOW HITPOINT WARNING * * *
You feel sick.
The kobold brigand hits you but does no damage.
It was a potion of berserk rage.
A red film seems to cover your vision as you go berserk!
You feel yourself moving faster!
You feel mighty!
* * * LOW HITPOINT WARNING * * *
You feel sick.
You are too berserk!
You barely miss the kobold brigand.
* * * LOW HITPOINT WARNING * * *
You feel sick.
The kobold brigand hits you with a +0 club.
You die...

* , ### #### * ∆
#####.#######... * ,
* ##............... ,
*##............####
*##.#...........#...
* #K♣#...........#...
..#
##.##...........#.._
#..#
##K####..........#...
#...# ##K.#
#..........#...
#...#* #..##
##.........###' *#...
##K## #...<.........
####...##..#
........####
..........##
*#......†#
######..####
###.....#


You could see 3 kobold brigands and a kobold.

Vanquished Creatures
  A black bear (D:4)
  Crazy Yiuf (D:2)
  A hound (D:5)
  2 jellies
  3 iguanas
  8 mummies (Ossuary)
  4 gnolls
  2 adders
  A dart slug (D:4)
  A ribbon worm (D:4)
  5 orcs
  6 ball pythons
  10 endoplasms
  4 giant cockroaches
  3 gnoll zombies (Ossuary)
  9 hobgoblins
  9 kobolds
  7 quokkas
  4 bats
  3 frilled lizards
  11 goblins
  4 kobold zombies (Ossuary)
  An orc zombie (Ossuary)
  10 rats
110 creatures vanquished.

Notes
Turn   | Place    | Note
-------+----------+-------------------------------------------
     0 | D:1      | zazu2006 the Gnoll Wanderer began the quest for the Orb.
     0 | D:1      | zazu2006 set off with the following items: a +2 falchion, a
                  | +0 short sword, a +0 buckler, a scroll of blinking, a +0
                  | leather armour.
     0 | D:1      | Reached XP level 1. HP: 17/17 MP: 1/1
   170 | D:1      | Reached XP level 2. HP: 23/23 MP: 2/2
   664 | D:1      | Reached XP level 3. HP: 28/28 MP: 3/3
  1160 | D:2      | Reached skill level 1 in Invocations
  1388 | D:2      | Found a runed translucent door.
  1389 | D:2      | Noticed Crazy Yiuf
  1567 | D:2      | Reached skill level 1 in Axes
  1567 | D:2      | Reached skill level 1 in Maces & Flails
  1567 | D:2      | Reached skill level 1 in Polearms
  1567 | D:2      | Reached skill level 1 in Staves
  1567 | D:2      | Reached skill level 1 in Ranged Weapons
  1567 | D:2      | Reached skill level 1 in Throwing
  1567 | D:2      | Reached skill level 1 in Armour
  1567 | D:2      | Reached skill level 1 in Dodging
  1567 | D:2      | Reached skill level 1 in Stealth
  1567 | D:2      | Reached skill level 1 in Unarmed Combat
  1567 | D:2      | Reached skill level 1 in Spellcasting
  1638 | D:2      | Reached skill level 1 in Shapeshifting
  1638 | D:2      | Reached XP level 4. HP: 25/34 MP: 5/5
  2520 | D:3      | Reached skill level 1 in Conjurations
  2520 | D:3      | Reached skill level 1 in Hexes
  2520 | D:3      | Reached skill level 1 in Summonings
  2520 | D:3      | Reached skill level 1 in Necromancy
  2520 | D:3      | Reached skill level 1 in Translocations
  2520 | D:3      | Reached skill level 1 in Fire Magic
  2520 | D:3      | Reached skill level 1 in Ice Magic
  2520 | D:3      | Reached skill level 1 in Air Magic
  2520 | D:3      | Reached skill level 1 in Earth Magic
  2520 | D:3      | Reached skill level 1 in Alchemy
  2666 | D:2      | Reached XP level 5. HP: 40/40 MP: 5/7
  2951 | D:2      | Killed Crazy Yiuf
  3030 | D:4      | Noticed a black bear
  3038 | D:4      | Killed a black bear
  3039 | D:4      | Reached skill level 5 in Short Blades
  3039 | D:4      | Reached skill level 5 in Shields
  3039 | D:4      | Reached XP level 6. HP: 47/47 MP: 8/8
  3276 | D:4      | Found a sand-covered staircase.
  3281 | Ossuary  | Entered an ossuary
  3864 | D:4      | Reached XP level 7. HP: 52/52 MP: 10/10
  4210 | D:5      | Entered Level 5 of the Dungeon
  4334 | D:5      | Found a staircase to the Ecumenical Temple.
  4340 | Temple   | Entered the Ecumenical Temple
  4448 | D:5      | Found a shimmering altar of Xom.
  4568 | D:5      | Gained mutation: Your flesh is cold resistant. (rC+)
                  | [potion of mutation]
  4568 | D:5      | Gained mutation: You have an increased reservoir of magic.
                  | (+10% MP) [potion of mutation]
  4568 | D:5      | Gained mutation: You are partially covered in iridescent
                  | scales. (AC +2) [potion of mutation]
  4568 | D:5      | Gained mutation: You passively map a small area around you.
                  | [potion of mutation]
  4568 | D:5      | HP: 3/78 [poisoned by a kobold brigand]
  4570 | D:5      | Slain by a kobold brigand

Illustrated notes

Levels and vault maps discovered:
D:1:      dpeg_arrival_morbid_curiosity, layout_basic, kennysheep_flooded_box,
          minmay_rat_gold_closets
D:2:      layout_basic, minmay_hexomino_c4, uniq_crazy_yiuf_cottage
D:3:      layout_basic, wander_ebering_terrifying_dragon_lair
D:4:      layout_loops_corners, enter_ossuary_2, minmay_manual_mess
D:5:      cheibrodos_fertilizer, layout_cave_pods, amcnicky_altar_gilded,
          minmay_temple_entry_wispy, serial_bayou_lagoon_b, uniq_menkaure,
          uniq_ijyb
Temple:   compressed_dpeg_triangle_lava_temple

Skill      XL: |  1  2  3  4  5  6  7 |
---------------+----------------------+-----
Invocations    | 1 2 |  2.8
Axes           | 1 2 |  2.5
Maces & Flails | 1 2 |  2.5
Polearms       | 1 2 |  2.5
Staves         | 1 2 |  2.5
Ranged Weapons | 1 2 |  2.5
Throwing       | 1 2 |  2.5
Armour         | 1 2 |  2.5
Dodging        | 1 2 3 |  3.0
Stealth        | 1 2 |  2.5
Unarmed Combat | 1 2 |  2.5
Spellcasting   | 1 2 |  2.5
Shapeshifting  | 1 2 |  2.2
Conjurations   | 1 2 |  2.0
Hexes          | 1 2 |  2.0
Summonings     | 1 2 |  2.0
Necromancy     | 1 2 |  2.0
Translocations | 1 2 |  2.0
Fire Magic     | 1 2 |  2.0
Ice Magic      | 1 2 |  2.0
Air Magic      | 1 2 |  2.0
Earth Magic    | 1 2 |  2.0
Alchemy        | 1 2 |  2.0
Fighting       | 3 |  3.6
Evocations     | 3 |  3.6
Short Blades   | 5 |  5.2
Shields        | 5 |  5.2
Long Blades    | |  8.9

Action                     |  1- 3 |  4- 6 |  7- 9 || total
---------------------------+-------+-------+-------++-------
  Melee: Falchion          |    84 |   165 |    45 ||   294
         Bite              |     3 |    18 |     6 ||    27
         Unarmed           |       |     5 |       ||     5
  Throw: Dart              |     3 |     7 |       ||    10
  Evoke: Wand              |       |     7 |       ||     7
    Use: Scroll            |       |     6 |     1 ||     7
         Potion            |       |       |     5 ||     5
   Stab: Sleeping          |     7 |       |     1 ||     8
 Armour: Leather armour    |    35 |    17 |       ||    52
         Ring mail         |       |    84 |    24 ||   108
         Skin              |       |       |     2 ||     2
  Dodge: Dodged            |    19 |    81 |    15 ||   115
  Block: Buckler           |    11 |    36 |     7 ||    54

Table legend: (Time is in decaauts)
 A = Elapsed time spent in this place.
 B = Non-inter-level travel time spent in this place.
 C = Inter-level travel time spent in this place.
 D = Time resting spent in this place.
 E = Time spent auto-exploring this place.
 F = Levels seen in this place.
 G = Mean time per level.
                   A        B        C        D        E       F      G
               +--------+--------+--------+--------+--------+-----+--------+
         Total |   4534 |   4325 |    209 |     78 |   3025 |   7 |  647.7 |
       Dungeon |   4067 |   3862 |    205 |     71 |   2755 |   5 |  813.4 |
        Temple |     54 |     50 |      4 |      0 |      0 |   1 |   54.0 |
       Ossuary |    412 |    412 |      0 |      7 |    270 |   1 |  412.0 |
               +--------+--------+--------+--------+--------+-----+--------+

Top non-repeatable levels by time:
     D:2: 1171 daAuts
     D:1: 1151 daAuts
     D:4: 764 daAuts
     D:3: 670 daAuts
 Ossuary: 412 daAuts
     D:5: 309 daAuts
  Temple: 54 daAuts
